 Dungeon Crawl Stone Soup version 0.24.0-28-g17ded55e90 (webtiles) character file.

Game seed: 5921797270152719173, levelgen mode: deterministic

390 Johnny the Cudgeler (level 6, 0/59 HPs)
             Began as a Troll Berserker on Nov 11, 2019.
             Was a Priest of Trog.
             Succumbed to a water moccasin's poison
             ... on level 3 of the Dungeon.
             The game lasted 00:03:20 (2471 turns).

Johnny the Cudgeler (Troll Berserker)               Turns: 2471, Time: 00:03:21

Health: 0/59       AC:  8    Str: 28    XL:     6   Next: 50%
Magic:  5/5        EV: 11    Int:  3    God:    Trog [***...]
Gold:   72         SH:  0    Dex:  9    Spells: 5/5 levels left

rFire    . . .     SeeInvis .   t - -1 mace (curse)
rCold    . . .     Gourm    +   (no shield)
rNeg     . . .     Faith    .   b - +0 animal skin
rPois    .         Spirit   .   (helmet restricted)
rElec    .         Reflect  .   s - +1 cloak
rCorr    .         Harm     .   (gloves unavailable)
MR       .....                  (boots unavailable)
Stlth    +.........             (no amulet)
HPRegen  0.59/turn              (no ring)
MPRegen  0.09/turn              (no ring)

@: lethally poisoned (0 -> -13), berserk cooldown, slowed, very slow
A: large, unfitting armour, claws 3, fast metabolism 3, gourmand, regeneration
1, shaggy fur 1, tough skin 3
a: Berserk, Trog's Hand, Renounce Religion


You were on level 3 of the Dungeon.
You worshipped Trog.
Trog was most pleased with you.
You were very full.

You visited 1 branch of the dungeon, and saw 3 of its levels.

You collected 72 gold pieces.

Inventory:

Hand Weapons
 a - a +0 mace
 q - a +0 giant spiked club
 t - a cursed -1 mace (weapon)
 u - a +4 quarterstaff of chaos
Armour
 b - a +0 animal skin (worn)
 s - a +1 cloak (worn)
Jewellery
 o - an uncursed ring of ice
Scrolls
 f - a scroll of immolation
 k - 4 scrolls of teleportation
Potions
 d - 7 potions of curing
 e - a potion of might
 g - 2 potions of mutation {unknown}
 h - a potion of cancellation {unknown}
 j - a potion of agility {unknown}
 m - 2 potions of haste {unknown}
 r - 2 potions of degeneration {unknown}
Comestibles
 c - 3 rations
 p - 12 chunks of flesh


   Skills:
 - Level 2.4 Fighting
 * Level 5.7 Maces & Flails
 + Level 4.0 Dodging


You had 5 spell levels left.
You didn't know any spells.
Your spell library was empty.

Dungeon Overview and Level Annotations

Branches:
Dungeon (3/15)

Altars:
Okawaru
Uskayaw


Innate Abilities, Weirdness & Mutations

You are too large for most types of armour.
You have claws for hands.
Your metabolism is lightning-fast.
You like to eat raw meat.
Your natural rate of healing is unusually fast.
You are covered in fur. (AC +1)
You have extremely tough skin. (AC +3)


Message History

The orc barely misses you.
The water moccasin bites you but does no damage.
You barely miss the water moccasin.
The water moccasin is severely wounded.
You feel sick. The orc misses you.
You miss the water moccasin.
The water moccasin is severely wounded.
You feel sick. The water moccasin bites you!
* * * LOW HITPOINT WARNING * * *
You are lethally poisoned!
The water moccasin poisons you!
The water moccasin bites you but does no damage.
* * * LOW HITPOINT WARNING * * *
You feel sick. The orc hits you.
* * * LOW HITPOINT WARNING * * *
You feel a strong urge to attack something.
You are no longer berserk.
You are exhausted.
You feel yourself slow down.
You die...

#.# #.#####.#...###
##..# #.# #.##..#
##....# #.# #.##..###
#.......# #.# #.....())
#.#####.# #.# #.##.#)##
##.#..(#)## #(# # #.#.##
#..#..(#oS# #.# #.
#.#.## #..#####..###.#
#.##...#.
#.....)...@...#
#...<...#
#...._...#.####
#..รท).... #.#........#
#.###..#. #.##.#####.#
#.# #..#. #....#
###.########^###..#.
####.# #....
.............. #.#
#.#####.####..#.#...
#.###.#####.####.>#.###.
#......#..........#.# #.


You could see a water moccasin, 2 dancing weapons and an orc.

Vanquished Creatures
  An ogre (D:2)
  An orc wizard (D:3)
  Crazy Yiuf (D:2)
  Terence (D:2)
  5 adders
  4 gnolls (D:2)
  An ooze (D:1)
  5 worms
  6 dart slugs
  3 leopard geckos
  19 orcs (D:3)
  2 giant cockroaches
  11 goblins
  9 hobgoblins
  3 jackals (D:1)
  A ball python (D:1)
  8 bats
  2 frilled lizards
  4 kobolds
  9 rats
96 creatures vanquished.

Notes
Turn   | Place    | Note
-------+----------+-------------------------------------------
     0 | D:1      | Johnny the Troll Berserker began the quest for the Orb.
     0 | D:1      | Reached XP level 1. HP: 22/22 MP: 0/0
    73 | D:1      | Reached skill level 3 in Maces & Flails
    93 | D:1      | Reached XP level 2. HP: 29/29 MP: 1/1
   473 | D:1      | Reached XP level 3. HP: 35/36 MP: 2/2
   538 | D:1      | Reached ** piety under Trog
  1138 | D:2      | Noticed Terence
  1139 | D:2      | Found an iron altar of Okawaru.
  1151 | D:2      | Killed Terence
  1151 | D:2      | Reached skill level 4 in Maces & Flails
  1151 | D:2      | Reached XP level 4. HP: 36/44 MP: 3/3
  1421 | D:2      | Found a runed translucent door.
  1422 | D:2      | Noticed Crazy Yiuf
  1703 | D:2      | Reached XP level 5. HP: 50/50 MP: 4/4
  1720 | D:2      | Noticed an ogre
  1731 | D:2      | Killed an ogre
  1731 | D:2      | Reached skill level 5 in Maces & Flails
  1930 | D:2      | Killed Crazy Yiuf
  1930 | D:2      | Reached XP level 6. HP: 59/59 MP: 5/5
  2081 | D:3      | Reached *** piety under Trog
  2418 | D:3      | Found a hide-covered altar of Uskayaw.
  2420 | D:3      | Noticed a +0 dagger
  2421 | D:3      | Noticed a +0 hand axe
  2442 | D:3      | Noticed a water moccasin
  2470 | D:3      | HP: 4/88 [poisoned by a water moccasin]
  2471 | D:3      | Succumbed to a water moccasin's poison

Levels and vault maps discovered:
D:1:      lightli_arrival_chessboard, layout_loops_corners
D:2:      kennysheep_big_flooded_room, layout_loops_cross, lemuel_doored_altar,
          minmay_misc_feat_doors, uniq_terence, uniq_crazy_yiuf_cottage
D:3:      layout_loops_ring, dancing_weapons_uskayaw

Skill      XL: |  1  2  3  4  5  6 |
---------------+-------------------+-----
Maces & Flails | 3 4 5 |  5.7
Dodging        | 3 4 |  4.0
Fighting       | |  2.4

Action                   |  1- 3 |  4- 6 || total
-------------------------+-------+-------++-------
Melee: Mace              |   108 |   236 ||   344
       Giant spiked club |       |    13 ||    13
Throw: Throwing net      |       |     1 ||     1
Invok: Berserk           |     2 |     4 ||     6
  Use: Scroll            |       |     9 ||     9
  Eat: Chunk             |    10 |    24 ||    34
Armor: Animal skin       |    56 |   129 ||   185
Dodge: Dodged            |    75 |   202 ||   277
